 Dungeon Crawl Stone Soup version 0.31.0-32-g396128a36d (webtiles) character file.

Game seed: 13594510726406343578

8869 HospitalGownGirl the Apothecary (level 11, 0/78 HPs)
             Began as a Human Alchemist on Mar 12, 2024.
             Was an Initiate of Gozag.
             Slain by a black mamba (13 damage)
             ... on level 1 of the Lair of Beasts.
             The game lasted 00:48:30 (11403 turns).

HospitalGownGirl the Apothecary (Human Alchemist)  Turns: 11403, Time: 00:48:30

Health: 0/78       AC:  7    Str: 13    XL:     11   Next: 37%
Magic:  13/19      EV: 13    Int: 30    God:    Gozag
Gold:   319        SH:  5    Dex: 14    Spells: 3/21 levels left

rFire   + + .        f - +4 dagger (venom)
rCold   . . .        u - +0 buckler "Liuro" {Int+7}
rNeg    . . .        a - +2 robe
rPois   +            (no helmet)
rElec   .            (no cloak)
rCorr   .            (no gloves)
SInv    .            v - +2 pair of boots
Will    .....        (no amulet)
Stlth   +++          b - ring "Usmiadic" {^Drain rPois rF++ Str+2 Int+6}
HPRegen 0.33/turn    H - ring of poison resistance
MPRegen 0.16/turn

%: no passive effects
@: studying Short Blades
A: explore regen
a: Renounce Religion, Potion Petition, Call Merchant, Bribe Branch


You were on level 1 of the Lair of Beasts.
You worshipped Gozag.
Gozag was aware of your devotion.
You visited 2 branches of the dungeon, and saw 10 of its levels.

You collected 1607 gold pieces.
You spent 663 gold pieces at shops.
You paid 625 gold pieces to Gozag.

Inventory:

Hand Weapons
 f - a +4 dagger of venom (weapon)
Missiles
 i - 11 boomerangs (quivered)
 w - 3 atropa-tipped darts
 y - 2 darts of dispersal
 C - 3 throwing nets
Armour
 a - a +2 robe (worn)
 u - the +0 buckler "Liuro" (worn) {Int+7}
   (You found it on level 3 of the Dungeon)

   Int+7:     It affects your intelligence (+7).
 v - a +2 pair of boots (worn)
Jewellery
 b - the ring "Usmiadic" (left hand) {^Drain rPois rF++ Str+2 Int+6}
   (You acquired it on level 2 of the Dungeon)

   [ring of intelligence]

   Str+2:     It affects your strength (+2).
   Int+6:     It affects your intelligence (+6).
   rF++:      It greatly protects you from fire.
   rPois:     It protects you from poison ^Drain: It drains your maximum health
   when unequipped.
 t - a ring of flight
 H - a ring of poison resistance (right hand)
 I - a +6 ring of dexterity
Wands
 q - a wand of roots (12)
 s - a wand of charming (2)
 F - a wand of polymorph (22)
 G - a wand of digging (4)
 J - a wand of mindburst (12)
Scrolls
 g - 3 scrolls of noise
 j - 2 scrolls of fog
 l - a scroll of brand weapon
 m - a scroll of poison
 o - 2 scrolls of immolation
 r - a scroll of vulnerability
Potions
 c - a potion of heal wounds
 d - 4 potions of resistance
 h - 3 potions of lignification {unknown}
 k - a potion of enlightenment
 n - 2 potions of attraction
 p - 4 potions of mutation {unknown}
 x - a potion of haste {unknown}
 z - 2 potions of brilliance
 A - 2 potions of degeneration {unknown}
 D - a potion of berserk rage
 E - a potion of invisibility {unknown}
Miscellaneous
 e - a sack of spiders


   Skills:
 * Level 4.5 Fighting
 * Level 6.4 Short Blades
 * Level 4.7 Throwing
 * Level 4.3 Armour
 * Level 5.0 Dodging
 * Level 5.7 Stealth
 * Level 3.7 Shields
 * Level 5.9 Spellcasting
 * Level 4.3 Conjurations
 * Level 3.3 Translocations
 * Level 2.0 Fire Magic
 * Level 4.4 Air Magic
 * Level 6.5 Alchemy
 * Level 3.8 Evocations


You had 3 spell levels left.
You knew the following spells:

 Your Spells              Type           Power      Damage    Failure   Level
a - Sting                 Conj/Alch      100%       1d9       1%          1
b - Mercury Vapours       Alch/Air       82%        N/A       1%          2
c - Mephitic Cloud        Conj/Alch/Air  39%        N/A       2%          3
d - Olgreb's Toxic Radia  Alch           48%        N/A       4%          4
e - Static Discharge      Conj/Air       70%        3-6/arc   1%          2
f - Lesser Beckoning      Tloc           58%        N/A       2%          2
g - Sticky Flame          Fire/Alch      34%        2d7       12%         4

Your spell library contained the following spells:

 Spells                   Type           Power      Damage    Failure   Level
 Gell's Gravitas          Tloc           29%        N/A       5%          3
 Teleport Other           Tloc           29%        N/A       5%          3
 Volatile Blastmotes      Fire/Tloc      50%        2d14      7%          3
 Fulminant Prism          Conj/Alch      20%        3d12      8%          4
 Airstrike                Air            17%        2d(3-19)  12%         4
 Iskenderun's Mystic Bla  Conj/Tloc      32%        2d8       14%         4
 Summon Lightning Spire   Summ/Air       22%        N/A       28%         4
 Iskenderun's Battlesphe  Conj           35%        2d9       32%         5
 Borgnjor's Vile Clutch   Necr/Erth      4%         N/A       89%         5
 Bombard                  Conj/Erth      11%        9d3       99%         6
 Death Channel            Necr           4%         N/A       100%        6
 Spellforged Servitor     Conj/Summ      11%        N/A       100%        7
 Animate Dead             Necr           Unusable   N/A       N/A         4

Dungeon Overview and Level Annotations

Branches:
Dungeon (9/15)             Temple (0/1) D:5            Lair (1/5) D:9
    Orc: D:9-12

Altars:
Elyvilon
Fedhas
Gozag
Qazlal
Ru

Shops:
D:2 ?   D:8 *

Annotations:
D:4 BigDaddyOpFi's ghost, amateur GrNe


Innate Abilities, Weirdness & Mutations

You regain HP and MP as you explore.


Message History

You hit the black mamba but do no damage.
The black mamba looks even sicker.
The black mamba is lightly wounded.
The black mamba bites you.
The black mamba completely misses you. x2
Casting: Olgreb's Toxic Radiance (dangerous; 4% risk of failure)
Confirm with . or Enter, or press ? or * to list all spells.
Aiming: Mephitic Cloud (mildly dangerous; 2% risk of failure)
Press: ? - help, Shift-Dir - straight line, f - komodo dragon
Aim: a komodo dragon (lightly wounded, poisoned, chance to affect: 62%)
The ball explodes into a vile cloud!
The stinking cloud engulfs the komodo dragon.
The komodo dragon is lightly wounded.
The stinking cloud engulfs the plant. x2
The stinking cloud engulfs the fungus.
The stinking cloud engulfs the plant.
The stinking cloud engulfs the black mamba.
The black mamba is lightly wounded.
You hear a croak.
You hear an angry hiss.
You hear a loud, deep croak!
You hear a croak.
The black mamba bites you.
The komodo dragon is engulfed in noxious fumes.
The black mamba barely misses you.
You hit the komodo dragon.
The komodo dragon looks as sick as possible!
The komodo dragon is moderately wounded.
You block the black mamba's attack. The black mamba bites you!
The black mamba closely misses you. The black mamba barely misses you.
A blink frog comes into view.
The komodo dragon bites the fungus!!
The fungus begins to die.
You hit the black mamba but do no damage.
The black mamba looks as sick as possible!
The black mamba is lightly wounded.
The black mamba bites you!
* * * LOW HITPOINT WARNING * * *
The blink frog blinks!
A blink frog comes into view.
The komodo dragon bites the fungus!
The black mamba bites you!
You die...
Your body crumbles into a pile of gold.

## ######.
##.....##
##.......##
#.P.P...P.#
#...PPP○..#
#...P§☼..l#
#.....PP§PS#
..#.......P@#
##.......##
##.....##
####.## #.#.
§.F . .#.


F You could see a komodo dragon (extremely poisoned), a black mamba (extremely
poisoned) and 2 blink frogs.

Vanquished Creatures
  A two-headed ogre (D:9)
  The ghost of seawaffle the Skirmisher, a novice GrHu of Okawaru (D:8)
  A deep elf pyromancer (D:7)
  A rime drake (D:9)
  A troll (D:9)
  A polar bear (D:9)
  A hornet (D:6)
  3 wyverns
  12 yaks
  A steam dragon (D:8)
  2 water moccasins
  Duvessa (D:7)
  2 orc warriors
  4 ice beasts
  2 black bears
  A sky beast (D:6)
  An ogre (D:5)
  2 wolves (D:9)
  2 centaurs (D:6)
  4 bullfrogs
  2 gnoll sergeants (D:8)
  4 scorpions
  4 wights
  Dowan (D:7)
  2 howler monkeys (D:7)
  2 bombardier beetles
  4 hounds
  3 jellies
  6 orc priests
  2 gnoll boudas
  2 iguanas
  2 sleepcaps
  6 orc wizards
  19 gnolls
  12 adders
  A shadow imp (D:6)
  4 white imps
  2 ufetubi (D:5)
  4 ribbon worms (D:2)
  20 orcs
  8 endoplasms
  3 giant cockroaches
  8 goblins
  9 hobgoblins
  8 quokkas
  8 ball pythons
  13 bats
  4 frilled lizards
  7 kobolds
  7 rats
221 creatures vanquished.

Vanquished Creatures (collateral kills)
  The ghost of bigmatt the Chopper, a novice MiBe of Trog (D:7)
  A white imp (D:7)
2 creatures vanquished.

Grand Total: 223 creatures vanquished

Notes
Turn   | Place    | Note
-------+----------+-------------------------------------------
     0 | D:1      | HospitalGownGirl the Human Alchemist began the quest for
                  | the Orb.
     0 | D:1      | Reached XP level 1. HP: 13/13 MP: 3/3
   140 | D:1      | Reached XP level 2. HP: 18/19 MP: 0/5
   188 | D:1      | Learned a level 2 spell: Mercury Vapours
   797 | D:1      | Reached XP level 3. HP: 25/25 MP: 2/6
   801 | D:1      | Learned a level 3 spell: Mephitic Cloud
  2000 | D:2      | Reached XP level 4. HP: 30/31 MP: 7/7
  2282 | D:2      | Identified a scroll of acquirement
  2282 | D:2      | Acquired the ring "Usmiadic" {^Drain rPois rF++ Str+2
                  | Int+6}
  2532 | D:2      | Found Pinlotuw's Magic Scroll Boutique.
  2536 | D:2      | Bought a scroll of identify for 26 gold pieces
  2536 | D:2      | Bought a scroll of teleportation for 39 gold pieces
  2569 | D:2      | Reached skill level 1 in Fighting
  2797 | D:4      | Noticed a scorpion
  2805 | D:4      | Noticed BigDaddyOpFi's ghost (amateur GrNe)
  2810 | D:4      | Found a runed translucent gate.
  2810 | D:4      | Found a runed translucent gate.
  2810 | D:4      | Found a runed translucent gate.
  2817 | D:4      | Killed a scorpion
  2818 | D:4      | Reached skill level 1 in Short Blades
  2818 | D:4      | Reached skill level 1 in Air Magic
  2818 | D:4      | Reached XP level 5. HP: 37/37 MP: 3/8
  2900 | D:4      | Reached skill level 1 in Armour
  3024 | D:4      | Reached skill level 1 in Throwing
  3024 | D:4      | Reached XP level 6. HP: 40/44 MP: 8/10
  3133 | D:4      | Found a white marble altar of Elyvilon.
  3133 | D:4      | Found an opulent altar of Gozag.
  3134 | D:4      | Found a sacrificial altar of Ru.
  3160 | D:4      | Became a worshipper of Gozag Ym Sagoz the Greedy
  3597 | D:4      | Learned a level 4 spell: Olgreb's Toxic Radiance
  3861 | D:3      | Noticed a black bear
  3875 | D:3      | Killed a black bear
  3876 | D:3      | Reached XP level 7. HP: 50/50 MP: 5/11
  4288 | D:3      | Identified the +0 buckler "Liuro" {Int+7}
  4601 | D:5      | Entered Level 5 of the Dungeon
  4840 | D:5      | Found a staircase to the Ecumenical Temple.
  5076 | D:5      | Found a stormy altar of Qazlal.
  5080 | D:5      | Found a blossoming altar of Fedhas.
  5421 | D:5      | Reached skill level 1 in Shields
  5421 | D:5      | Reached skill level 1 in Evocations
  5495 | D:5      | Reached XP level 8. HP: 50/57 MP: 7/12
  5720 | D:6      | Learned a level 2 spell: Static Discharge
  6015 | D:6      | Learned a level 2 spell: Lesser Beckoning
  6511 | D:6      | Noticed a hornet
  6518 | D:6      | Killed a hornet
  6519 | D:6      | Reached skill level 1 in Translocations
  6519 | D:6      | Reached XP level 9. HP: 48/64 MP: 7/15
  6700 | D:7      | Reached skill level 5 in Alchemy
  6991 | D:7      | Noticed a deep elf pyromancer
  7003 | D:7      | Noticed bigmatt's ghost (novice MiBe)
  7017 | D:7      | Found a runed translucent gate.
  7017 | D:7      | Found a runed translucent gate.
  7018 | D:7      | Found a runed translucent gate.
  7439 | D:7      | Noticed Duvessa
  7439 | D:7      | Noticed Dowan
  7452 | D:7      | Killed Dowan
  7455 | D:7      | Killed Duvessa
  7949 | D:8      | Found a runed translucent door.
  8479 | D:8      | Reached XP level 10. HP: 71/71 MP: 16/16
  8571 | D:8      | Reached skill level 5 in Stealth
  8908 | D:8      | Reached skill level 5 in Short Blades
  9184 | D:8      | Noticed seawaffle's ghost (novice GrHu)
  9191 | D:8      | Learned a level 4 spell: Sticky Flame
  9216 | D:8      | Killed seawaffle's ghost
  9400 | D:7      | Killed a deep elf pyromancer
  9401 | D:7      | Reached skill level 5 in Spellcasting
  9596 | D:7      | Killed bigmatt's ghost
  9597 | D:7      | Reached skill level 1 in Fire Magic
 10172 | D:8      | Bought a sack of spiders for 520 gold pieces
 10282 | D:9      | Noticed a two-headed ogre
 10299 | D:9      | Killed a two-headed ogre
 10314 | D:9      | Reached XP level 11. HP: 78/78 MP: 7/19
 10560 | D:9      | Reached skill level 5 in Dodging
 10830 | D:8      | Bought a scroll of identify for 26 gold pieces
 10830 | D:8      | Bought a scroll of identify for 26 gold pieces
 10830 | D:8      | Bought a scroll of identify for 26 gold pieces
 10979 | D:9      | Found a staircase to the Lair.
 11390 | Lair:1   | Entered Level 1 of the Lair of Beasts
 11403 | Lair:1   | Slain by a black mamba

Illustrated notes

Levels and vault maps discovered:
D:1:      scummos_arrival_forest, layout_loops_ring, nicolae_wormholes
D:2:      minmay_razor_zed, layout_loops_corners, serial_shops,
          nicolae_shop_rolled_up
D:3:      layout_loops_ring
D:4:      layout_basic, gammafunk_temple_overflow_claw, gammafunk_ghost_split
D:5:      layout_loops_ring, grunt_temple_overflow_forces_of_nature,
          temple_pool_b
D:6:      layout_gridville
D:7:      layout_cave_pods, gammafunk_ghost_split, uniq_duvessa
D:8:      layout_layer_cave, ebering_ghost_reflecting_pool,
          kennysheep_generic_room_14
D:9:      layout_rooms, hellmonk_lair_entry_icy
Lair:1:   layout_roguey, cheibrodos_lair_reptile_den, grunt_megastairs_5

Skill      XL: |  1  2  3  4  5  6  7  8  9 10 11 |
---------------+----------------------------------+-----
Fighting       | 1 2 3 4 |  4.5
Short Blades   | 1 2 3 4 5 6 |  6.4
Air Magic      | 1 2 3 4 |  4.4
Armour         | 1 2 3 4 |  4.3
Stealth        | 3 4 5 |  5.7
Throwing       | 1 2 3 4 |  4.7
Conjurations   | 2 3 4 |  4.3
Alchemy        | 4 5 6 |  6.5
Spellcasting   | 3 4 5 |  5.9
Dodging        | 3 4 5 |  5.0
Shields        | 1 2 3 |  3.7
Evocations     | 1 2 3 |  3.8
Translocations | 1 2 3 |  3.3
Fire Magic     | 1 2 |  2.0

Action                     |  1- 3 |  4- 6 |  7- 9 | 10-12 || total
---------------------------+-------+-------+-------+-------++-------
  Melee: Unarmed           |     4 |       |       |       ||     4
         Dagger            |     7 |    64 |   135 |   181 ||   387
         Punch             |     1 |       |       |       ||     1
  Throw: Boomerang         |       |    50 |    35 |     5 ||    90
   Cast: Sting             |    40 |       |     1 |     1 ||    42
         Mercury Vapours   |    18 |     7 |    11 |     2 ||    38
         Mephitic Cloud    |     4 |     6 |    14 |    16 ||    40
         Olgreb's Toxic Ra |       |     2 |    15 |    13 ||    30
         Sticky Flame      |       |       |       |     8 ||     8
 Invoke: Call Merchant     |       |       |     1 |       ||     1
  Evoke: Wand              |       |       |     2 |     6 ||     8
    Use: Scroll            |     7 |     8 |     5 |     7 ||    27
         Potion            |     1 |       |     1 |     6 ||     8
   Stab: Sleeping          |     3 |     3 |     6 |       ||    12
         Confused          |       |     1 |     5 |     5 ||    11
 Armour: Robe              |    46 |    36 |    96 |   100 ||   278
  Dodge: Dodged            |    71 |    46 |    95 |    81 ||   293
  Block: Buckler           |       |       |    24 |    41 ||    65
